 Seeded DCSS version 0.29.1-4-g47bece8355 (webtiles) character file.

Game seed: 3792341616416983468 (custom seed)

21 retardedninja the Shooter (level 2, 0/16 HPs)
             Began as a Tengu Arcane Marksman on Dec 1, 2022.
             Slain by a jackal (1 damage)
             ... on level 1 of the Dungeon.
             The game lasted 00:00:58 (828 turns).

retardedninja the Shooter (Tengu Arcane Marksman)    Turns: 828, Time: 00:00:59

Health: 0/16       AC:  2    Str: 10    XL:     2   Next: 83%
Magic:  4/4        EV: 12    Int: 13    God:
Gold:   15         SH:  0    Dex: 14    Spells: 2/3 levels left

rFire   . . .      SeeInvis .   (no weapon)
rCold   . . .      Faith    .   (no shield)
rNeg    . . .      Spirit   .   c - +0 robe
rPois   .          Reflect  .   (helmet restricted)
rElec   .          Harm     .   (no cloak)
rCorr   .          Rampage  .   (no gloves)
Will    .....                   (boots unavailable)
Stlth   +.........              (no amulet)
HPRegen 0.05/turn               (no ring)
MPRegen 0.09/turn               (no ring)

@: hasted, very quick
A: beak, talons 3
a: no special abilities


You were on level 1 of the Dungeon.
You visited 1 branch of the dungeon, and saw 1 of its levels.

You collected 15 gold pieces.

Inventory:

Hand Weapons
 a - a +1 sling
Armour
 c - a +0 robe (worn)
Scrolls
 b - a scroll of poison


   Skills:
 + Level 1.0 Fighting
 + Level 2.9 Ranged Weapons
 + Level 2.3 Dodging
 + Level 1.0 Spellcasting
 + Level 2.5 Hexes


You had 2 spell levels left.
You knew the following spells:

 Your Spells              Type           Power      Damage    Failure   Level
a - Slow                  Hex            28%        N/A       10%         1

Your spell library contained the following spells:

 Spells                   Type           Power      Damage    Failure   Level
 Inner Flame              Hex/Fire       3%         N/A       45%         3
 Portal Projectile        Hex/Tloc       6%         N/A       45%         3
 Cause Fear               Hex            3%         N/A       69%         4


Dungeon Overview and Level Annotations

Branches:
Dungeon (1/15)

Altars:


Innate Abilities, Weirdness & Mutations

You have a beak for a mouth.
You have claws for feet.


Message History

* * * LOW HITPOINT WARNING * * *
You are too injured to fight recklessly!
You are too injured to fight recklessly!
You are too injured to fight recklessly!
You are now empty-handed.
The bat hits you but does no damage.
You barely miss the bat. The bat hits you but does no damage.
You hit the bat but do no damage. You claw the bat.
You kill the bat!
You hit the jackal but do no damage. You claw the jackal.
The jackal is lightly wounded.
The jackal barely misses you.
You hit the jackal. Your kick misses the jackal.
The jackal is moderately wounded.
The jackal bites you but does no damage.
You hit the jackal but do no damage. Your peck misses the jackal.
The jackal is moderately wounded.
The jackal misses you.
You barely miss the jackal. You claw the jackal.
The jackal is severely wounded.
The jackal barely misses you.
You closely miss the jackal. Your punch misses the jackal.
The jackal is severely wounded.
The jackal bites you.
* * * LOW HITPOINT WARNING * * *
You hit the jackal.
You kill the jackal!
You closely miss the jackal. Your peck misses the jackal.
The jackal closely misses you.
You barely miss the jackal. The jackal barely misses you.
You barely miss the jackal. Your kick misses the jackal. The jackal misses you.
You hit the jackal. Your kick misses the jackal.
The jackal is lightly wounded.
You barely miss the jackal. Your kick misses the jackal.
The jackal is lightly wounded.
The jackal misses you.
You hit the jackal.
The jackal is moderately wounded.
The jackal bites you.
You die...

#.#####.†...... #
###.###≈###
#.###...#.#≈#.#
#.....###.#≈#.### #
####......#≈#...
.## #
#..###.#≈#.###..#.#
##...#.#≈#. ...)..#
###.###~###†...#
#.@h..)...#
######......#
########


You could see a jackal.

Vanquished Creatures
  2 dart slugs (D:1)
  2 ball pythons (D:1)
  A bat (D:1)
  An endoplasm (D:1)
  2 giant cockroaches (D:1)
  2 jackals (D:1)
  2 quokkas (D:1)
  A goblin (D:1)
  A kobold (D:1)
  A rat (D:1)
15 creatures vanquished.

Notes
Turn   | Place    | Note
-------+----------+-------------------------------------------
     0 | D:1      | retardedninja the Tengu Arcane Marksman began the quest for
                  | the Orb.
     0 | D:1      | Reached XP level 1. HP: 12/12 MP: 3/3
   541 | D:1      | Reached XP level 2. HP: 13/16 MP: 2/4
   828 | D:1      | Slain by a jackal

Illustrated notes

Levels and vault maps discovered:
D:1:      ncdulo_smallfort, layout_loops_ring, basic_ecumenical_altar,
          grunt_decor_cap

Action                   || total
-------------------------++-------
Melee: Kick              ||     4
       Sling             ||     1
       Unarmed           ||    14
 Fire: Sling             ||    41
 Cast: Slow              ||     3
  Use: Potion            ||     1
Armor: Robe              ||    11
Dodge: Dodged            ||    35
